 Dungeon Crawl Stone Soup version 0.31-a0-331-geda263fcf1 (webtiles) character file.

Game seed: 11801905275704818949

82 holysushi the Changeling (level 4, -5/29 HPs)
             Began as an Octopode Shapeshifter on July 19, 2023.
             Killed by divine providence
             ... invoked by an orc priest
              (17 damage)
             ... on level 3 of the Dungeon.
             The game lasted 00:01:46 (1557 turns).

holysushi the Changeling (Octopode Shapeshifter)    Turns: 1557, Time: 00:01:47

Health: -5/29      AC:  1    Str: 14    XL:     4   Next: 43%
Magic:  4/4        EV: 13    Int: 10    God:
Gold:   64         SH:  0    Dex: 14    Spells: 3/3 levels left

rFire   . . .        a - +0 sling
rCold   . . .        (no shield)
rNeg    . . .        (helmet currently unavailable)
rPois   .            (no amulet)
rElec   .            (no ring)
rCorr   .            (no ring)
SInv    .            (no ring)
Will    .....        (no ring)
Stlth   ++           (no ring)
HPRegen 0.24/turn    (no ring)
MPRegen 0.09/turn    (no ring)
                     (no ring)

%: no passive effects
@: beast-form
A: beast (slay +2), almost no armour, amphibious, 8 rings, camouflage 1,
gelatinous body 1, (nimble swimmer 1), tentacles
a: Begin Untransformation


You were on level 3 of the Dungeon.
You were a hulking beast.
You visited 1 branch of the dungeon, and saw 3 of its levels.

You collected 64 gold pieces.

Inventory:

Hand Weapons
 a - a +0 sling (weapon)
 j - a +0 orcbow
Talismans
 b - a beast talisman
Scrolls
 d - 2 scrolls of immolation {unknown}
 e - 2 scrolls of teleportation {unknown}
 f - a scroll of identify {unknown}
 g - a scroll of brand weapon {unknown}
 h - a scroll of noise {unknown}
 m - a scroll of enchant weapon {unknown}
 n - a scroll of silence {unknown}
Potions
 c - 2 potions of haste {unknown}
 i - a potion of lignification
 k - a potion of brilliance {unknown}
 l - a potion of curing {unknown}


   Skills:
 - Level 2.0 Fighting
 + Level 1.7 Ranged Weapons
 - Level 2.0 Dodging
 - Level 2.5 Unarmed Combat
 + Level 4.0 Shapeshifting


You had 3 spell levels left.
You didn't know any spells.
Your spell library contained the following spells:

 Spells                   Type           Power      Damage    Failure   Level
 Apportation              Tloc           0%         N/A       36%         1
 Necrotise                Necr           0%         1d4       36%         1
 Sting                    Tmut/Pois      0%         1d3       36%         1
 Summon Small Mammal      Summ           0%         N/A       36%         1
 Poisonous Vapours        Pois/Air       0%         N/A       50%         2
 Call Canine Familiar     Summ           0%         N/A       75%         3
 Portal Projectile        Hex/Tloc       0%         N/A       75%         3
 Leda's Liquefaction      Hex/Erth       0%         N/A       98%         4
 Olgreb's Toxic Radiance  Pois           0%         N/A       98%         4


Dungeon Overview and Level Annotations

Branches:
Dungeon (3/15) Zot: 16438

Altars:

Shops:
D:3 ?


Innate Abilities, Weirdness & Mutations

You are a hulking beast.
Your limbs bulge with bestial killing power. (Slay +2)
You cannot wear most types of armour.
You are amphibious.
You can wear up to eight rings at the same time.
Your skin changes colour to match your surroundings (Stealth+).
Your rubbery body absorbs attacks. (AC +1, EV +1)
((You are camouflaged when in or above water. (Stealth+)))
You have tentacles for arms and can constrict up to eight enemies at once.


Message History

You see here a +0 falchion.
Found an elf skeleton.
A goblin comes into view. It is wielding a +0 dagger.
A goblin is nearby!
A goblin is nearby!
A goblin is nearby!
a - a +0 sling (weapon)
The goblin shouts!
You shoot a sling bullet. The sling bullet hits the goblin.
You kill the goblin!
Your Shapeshifting skill increases to level 4!
No target in view!
Found a human skeleton.
Found Alaewet's Magic Scroll Emporium.
Found an ogre skeleton.
You now have 64 gold pieces (gained 6).
Found a minotaur skeleton.
No target in view!
No target in view!
An orc priest comes into view. It is wielding a +0 hand axe.
There is an entrance to Alaewet's Magic Scroll Emporium here.
An orc priest is nearby!
You shoot a sling bullet.
The sling bullet barely misses the orc priest.
The orc priest shouts!
You shoot a sling bullet. The sling bullet hits the orc priest!
The orc priest is heavily wounded.
You shoot a sling bullet.
The sling bullet closely misses the orc priest.
The orc priest calls down the wrath of Beogh upon you.
Beogh smites you!
You shoot a sling bullet. The sling bullet hits the orc priest.
The orc priest is heavily wounded.
The orc priest invokes the aid of Beogh against you.
Beogh smites you!
You are too injured to fight recklessly!
The orc priest looks encouraged for a moment.
The orc priest calls down the wrath of Beogh upon you.
Beogh smites you!
Ouch! That really hurt!
You die...

#.# #.# =# #.####### .#
#.##....#########.#
#)##.##.....).....#
#.....#..#####.########
#######........#÷#.....
.........###.###.##
.#########÷#h.?...#
#...###.∩.####
#+##......#÷##
##o###.#### ...#÷#..###
..######..# . ####..#
#.. ..#


You could see an orc priest.

Vanquished Creatures
  3 adders (D:2)
  2 dart slugs (D:2)
  3 orcs
  3 ball pythons
  7 bats
  3 endoplasms
  2 giant cockroaches
  3 hobgoblins
  2 jackals (D:1)
  5 quokkas
  3 frilled lizards (D:2)
  5 goblins
  2 kobolds (D:1)
  2 rats (D:1)
45 creatures vanquished.

Notes
Turn   | Place    | Note
-------+----------+-------------------------------------------
     0 | D:1      | holysushi the Octopode Shapeshifter began the quest for the
                  | Orb.
     0 | D:1      | Reached XP level 1. HP: 14/14 MP: 1/1
   162 | D:1      | Reached XP level 2. HP: 19/19 MP: 2/2
   521 | D:1      | Reached XP level 3. HP: 20/24 MP: 3/3
   947 | D:2      | Reached skill level 1 in Ranged Weapons
  1036 | D:2      | Reached XP level 4. HP: 26/29 MP: 4/4
  1140 | D:2      | Found a faded altar of an unknown god.
  1541 | D:3      | Reached skill level 4 in Shapeshifting
  1541 | D:3      | Found Alaewet's Magic Scroll Emporium.
  1557 | D:3      | Killed from afar by an orc priest

Illustrated notes

Levels and vault maps discovered:
D:1:      ldierk_walled_garden_2, layout_basic, chequers_serial_rivers_room_b,
          dk_noncrumbling_4
D:2:      layout_loops_ring, basic_ecumenical_altar
D:3:      minmay_diamond_boxcup, layout_basic, serial_shops,
          nicolae_shop_gibbet_a_chance, kennysheep_jessica_study

Skill      XL: |  1  2  3  4 |
---------------+-------------+-----
Ranged Weapons | 1 |  1.7
Shapeshifting  | 4 |  4.0
Fighting       | |  2.0
Dodging        | |  2.0
Unarmed Combat | |  2.5

Action                     |  1- 3 |  4- 6 || total
---------------------------+-------+-------++-------
  Melee: Unarmed           |    44 |    15 ||    59
         Tentacles         |     9 |     2 ||    11
         Constrict         |    12 |     4 ||    16
         Punch             |     2 |       ||     2
   Fire: Sling             |    32 |    11 ||    43
   Stab: Sleeping          |     8 |     1 ||     9
 Armour: Skin              |     3 |       ||     3
  Dodge: Dodged            |    34 |     7 ||    41

Table legend: (Time is in decaauts)
 A = Elapsed time spent in this place.
 B = Non-inter-level travel time spent in this place.
 C = Inter-level travel time spent in this place.
 D = Time resting spent in this place.
 E = Time spent auto-exploring this place.
 F = Levels seen in this place.
 G = Mean time per level.
                   A        B        C        D        E       F      G
               +--------+--------+--------+--------+--------+-----+--------+
         Total |   1560 |   1517 |     43 |    165 |   1009 |   3 |  520.0 |
       Dungeon |   1560 |   1517 |     43 |    165 |   1009 |   3 |  520.0 |
               +--------+--------+--------+--------+--------+-----+--------+

Top non-repeatable levels by time:
     D:1: 756 daAuts
     D:2: 731 daAuts
     D:3: 72 daAuts
